 Dungeon Crawl Stone Soup version 0.26-a0-67-g850bfe61e3 (webtiles) character file.

Game seed: 11342713832889451560

56 MarredHen the Sneak (level 3, -2/18 HPs)
             Began as a Spriggan Assassin on June 12, 2020.
             Slain by a gnoll
             ... wielding a +0 flail
              (5 damage)
             ... on level 2 of the Dungeon.
             The game lasted 00:03:07 (1762 turns).

MarredHen the Sneak (Spriggan Assassin)             Turns: 1762, Time: 00:03:07

Health: -2/18      AC:  3    Str:  7    XL:     3   Next: 71%
Magic:  0/4        EV: 18    Int: 12    God:
Gold:   57         SH:  0    Dex: 18    Spells: 2/2 levels left

rFire    . . .     SeeInvis +   a - +2 dagger
rCold    . . .     Gourm    .   (shield restricted)
rNeg     . . .     Faith    .   b - +0 robe
rPois    .         Spirit   +   (helmet restricted)
rElec    .         Reflect  .   c - +0 cloak
rCorr    .         Harm     .   (gloves unavailable)
MR       .....                  (boots unavailable)
Stlth    ++++......             h - amulet of guardian spirit
HPRegen  0.06/turn              (no ring)
MPRegen  0.09/turn              (no ring)

@: very quick
A: very small, unfitting armour, see invisible, herbivore, speed 3, slow
metabolism 2
a: no special abilities


You were on level 2 of the Dungeon.
You were not hungry.

You visited 1 branch of the dungeon, and saw 2 of its levels.

You collected 57 gold pieces.

Inventory:

Hand Weapons
 a - a +2 dagger (weapon)
Missiles
 l - 5 atropa-tipped darts (quivered)
Armour
 b - a +0 robe (worn)
 c - a +0 cloak (worn)
Jewellery
 h - an amulet of guardian spirit (around neck)
Scrolls
 i - 2 scrolls of remove curse
Potions
 g - a potion of flight
 j - a potion of resistance
Comestibles
 f - 6 rations


   Skills:
 + Level 1.8 Fighting
 + Level 2.6 Short Blades
 + Level 2.3 Throwing
 + Level 2.4 Dodging
 + Level 7.0 Stealth


You had 2 spell levels left.
You didn't know any spells.
Your spell library was empty.

Dungeon Overview and Level Annotations

Branches:
Dungeon (2/15)

Altars:


Innate Abilities, Weirdness & Mutations

You are very small and have problems with some larger weapons.
You are too small for most types of armour.
You have supernaturally acute eyesight. (SInv)
You are a herbivore.
You cover ground extremely quickly.
You need to consume almost no food.


Message History

The leopard gecko closely misses you.
Throwing (i - inventory. (/) - cycle)
e - 2 curare-tipped darts (quivered)
Press: ? - help, Shift-Dir - straight line, f/p - leopard gecko
Aim: a leopard gecko (heavily wounded, very poisoned)
You throw a curare-tipped dart.
The curare-tipped dart hits the leopard gecko.
The leopard gecko looks as sick as possible!
The leopard gecko convulses.
You kill the leopard gecko!
The gnoll hits you from afar with a +0 spear!
* * * LOW HITPOINT WARNING * * *
Throwing (i - inventory. (/) - cycle)
e - a curare-tipped dart (quivered)
Press: ? - help, Shift-Dir - straight line, f - gnoll
Aim: a gnoll, wielding a +0 flail You throw a curare-tipped dart.
The curare-tipped dart hits the gnoll.
The gnoll is poisoned.
The gnoll convulses.
The gnoll seems to slow down.
The gnoll is heavily wounded.
You kill the kobold!
The gnoll hits you with a +0 flail.
You die...

#...#...#...#...#...#..###
#
#....###...#.#...###......
#...# #..#...#..#..#...##
#..#. ###.....###...#..##
#.. #.....#..#......# #.
#.....#...#...(.# #
#.#...#.#g........
#...#.#..g#g......#
..........@()g.....#
######.########.....# #.
...... #. ...g.# .#### .#


You could see 4 gnolls.

Vanquished Creatures
  An adder (D:2)
  A worm (D:2)
  A dart slug (D:2)
  2 leopard geckos (D:2)
  3 giant cockroaches
  4 goblins (D:1)
  4 hobgoblins
  2 jackals (D:1)
  8 kobolds
  A ball python (D:1)
  3 bats (D:1)
  2 frilled lizards
  8 rats
40 creatures vanquished.

Notes
Turn   | Place    | Note
-------+----------+-------------------------------------------
     0 | D:1      | MarredHen the Spriggan Assassin began the quest for the
                  | Orb.
     0 | D:1      | Reached XP level 1. HP: 10/10 MP: 2/2
    64 | D:1      | Reached skill level 6 in Stealth
   365 | D:1      | Reached XP level 2. HP: 13/15 MP: 3/3
   897 | D:1      | Reached XP level 3. HP: 18/18 MP: 4/4
  1675 | D:2      | Reached skill level 7 in Stealth
  1762 | D:2      | Slain by a gnoll

Illustrated notes

Levels and vault maps discovered:
D:1:      mainiacjoe_arrival_reflecting_pool, layout_basic
D:2:      layout_basic, first_ration, minmay_splitting_lines

Skill      XL: |  1  2  3 |
---------------+----------+-----
Stealth        | 6 7 |  7.0
Dodging        | 2 |  2.4
Fighting       | |  1.8
Short Blades   | |  2.6
Throwing       | |  2.3

Action                   || total
-------------------------++-------
Melee: Dagger            ||   125
Throw: Dart              ||    26
  Use: Potion            ||     3
       Scroll            ||     2
 Stab: Sleeping          ||    15
Armor: Robe              ||    12
Dodge: Dodged            ||   110

Table legend:
 A = Non-vault XP
 B = Vault XP
 C = Vault XP percentage of total XP
 D = Non-vault monster count
 E = Vault monster count
 F = Vault count percentage of total count
                 A         B        C        D         E       F
            +---------+---------+-------+---------+---------+-------
      Total |      81 |       0 |   0.0 |      40 |       0 |   0.0
            +---------+---------+-------+---------+---------+-------
        D:1 |      42 |       0 |   0.0 |      27 |       0 |   0.0
        D:2 |      39 |       0 |   0.0 |      13 |       0 |   0.0
            +---------+---------+-------+---------+---------+-------
